 Dungeon Crawl Stone Soup version 0.30-a0-121-gb27577e5d9 (webtiles) character file.

Game seed: 15852140634446878170

113 LnG the Chopper (level 4, -11/40 HPs)
             Began as a Hill Orc Fighter on Sept 14, 2022.
             Killed from afar by a white imp (12 damage)
             ... with a puff of frost
             ... summoned by Natasha
             ... on level 2 of the Dungeon.
             The game lasted 00:03:28 (1684 turns).

LnG the Chopper (Hill Orc Fighter)                  Turns: 1684, Time: 00:03:29

Health: -11/40     AC:  7    Str: 20    XL:     4   Next: 96%
Magic:  4/4        EV:  9    Int:  8    God:
Gold:   99         SH:  4    Dex: 10    Spells: 3/3 levels left

rFire   . . .      SeeInvis .    a - +0 war axe
rCold   . . .      Faith    .    c - +0 buckler
rNeg    . . .      Spirit   .    b - +0 scale mail
rPois   .          Reflect  .    (no helmet)
rElec   .          Harm     .    (no cloak)
rCorr   .          Rampage  .    (no gloves)
Will    .....                    (no boots)
Stlth   ..........               (no amulet)
HPRegen 0.13/turn                (no ring)
MPRegen 0.09/turn                (no ring)

@: slowed, studying Stealth, invisible, very slow
A: no striking features
a: no special abilities


You were on level 2 of the Dungeon.
You visited 1 branch of the dungeon, and saw 2 of its levels.

You collected 99 gold pieces.

Inventory:

Hand Weapons
 a - a +0 war axe (weapon)
Armour
 b - a +0 scale mail (worn)
 c - a +0 buckler (worn)
Jewellery
 i - a ring of ice
Scrolls
 f - a scroll of poison
 j - a scroll of amnesia {unknown}
Potions
 d - a potion of might
 g - a potion of mutation {unknown}
 h - a potion of degeneration {unknown}


   Skills:
 + Level 4.2 Fighting
 + Level 4.5 Axes
 + Level 4.0 Armour
 + Level 0.3 Dodging
 + Level 0.2 Stealth
 + Level 3.9 Shields


You had 3 spell levels left.
You didn't know any spells.
Your spell library contained the following spells:

 Spells                   Type           Power      Damage    Failure   Level
 Summon Forest            Summ/Tloc      0%         N/A       100%        5
 Eringya's Noxious Bog    Tmut/Pois      0%         N/A       100%        6
 Summon Hydra             Summ           0%         N/A       100%        7


Dungeon Overview and Level Annotations

Branches:
Dungeon (2/15)

Altars:
Kikubaaqudgha

Annotations:
D:2 Natasha


Message History

You barely miss Natasha. You hit the white imp. Natasha barely misses you.
The white imp hits you but does no damage.
Natasha claws you. You block the white imp's attack. The white imp hits you.
The white imp freezes you.
You closely miss Natasha. You hit the white imp. You barely miss the white imp.
Natasha closely misses you. The white imp gestures at you.
The puff of frost hits you!
The white imp grins evilly.
The white imp barely misses you. Natasha claws you.
You closely miss Natasha. You hit the white imp.
You kill the white imp!
The white imp disappears in a puff of smoke!
You hit the white imp.
The white imp hits you but does no damage.
Natasha closely misses you. The white imp hits you. The white imp freezes you.
Natasha claws you.
* * * LOW HITPOINT WARNING * * *
You barely miss Natasha. You hit the white imp. The white imp gestures at you.
The puff of frost misses you. Natasha claws you.
* * * LOW HITPOINT WARNING * * *
You block the white imp's attack. Natasha barely misses you.
You closely miss Natasha. You hit the white imp but do no damage.
The white imp barely misses you. You block Natasha's attack.
You block the white imp's attack. Natasha casts a spell at you.
You resist with some effort.
You hit Natasha.
Natasha is lightly wounded.
You completely miss the white imp. The white imp closely misses you.
Natasha claws you.
* * * LOW HITPOINT WARNING * * *
The white imp hits you but does no damage.
Natasha claws you but does no damage.
It was a potion of invisibility.
You fade into invisibility!
The white imp gestures at you. The puff of frost hits you!
You die...

#..#####################.#รท.##...
##........................)##....
###)...#..........####..#####.###
....####..........# #.## ##.#
....####..........####.#####..#
###.........<.....#.......#####
##.####......)....).).....#
##..####.........5..........#
#.....####......@h..........#
#.....######.##..#.?........#
..._..............(.........#
#.....#.####.##..#..........#
#.......# #.#...##........##
##.###### ##...#............# ...#
#...###...........# .### #.#.#
#...........# ## #.#.#
#.........(.#


You could see Natasha and a white imp (summoned, unable to see you).

Vanquished Creatures
  Natasha (D:2)
  3 gnolls (D:2)
  3 adders (D:2)
  A dart slug (D:1)
  4 endoplasms
  5 hobgoblins
  2 quokkas (D:2)
  3 ball pythons
  3 bats
  2 goblins
  4 kobolds
  4 rats
35 creatures vanquished.

Notes
Turn   | Place    | Note
-------+----------+-------------------------------------------
     0 | D:1      | LnG the Hill Orc Fighter began the quest for the Orb.
     0 | D:1      | Reached XP level 1. HP: 19/19 MP: 1/1
   476 | D:1      | Reached XP level 2. HP: 27/27 MP: 2/2
   938 | D:2      | Reached XP level 3. HP: 33/33 MP: 3/3
  1000 | D:2      | Reached XP level 4. HP: 24/40 MP: 4/4
  1201 | D:2      | Found an ancient bone altar of Kikubaaqudgha.
  1346 | D:2      | Noticed Natasha
  1354 | D:2      | Killed Natasha
  1460 | D:2      | Identified the +0 ring mail "Maidu" {rC++ rN+}
  1673 | D:2      | Noticed Natasha
  1683 | D:2      | HP: 1/40 [Natasha (6)]
  1684 | D:2      | Killed from afar by a white imp

Illustrated notes

Levels and vault maps discovered:
D:1:      amcnicky_arrival_gap_in_the_tavern_cellar, layout_basic,
          item_on_display_a
D:2:      layout_rooms, basic_altar, amcnicky_mini_rare_corridor_liquid,
          serial_park_tiny_pond, uniq_natasha

Skill      XL: |  1  2  3  4 |
---------------+-------------+-----
Fighting       | 4 |  4.2
Axes           | 3 4 |  4.5
Armour         | 4 |  4.0
Dodging        | |  0.3
Stealth        | |  0.2
Shields        | |  3.9

Action                   |  1- 3 |  4- 6 || total
-------------------------+-------+-------++-------
Melee: War axe           |    52 |    33 ||    85
  Use: Scroll            |     2 |     1 ||     3
       Potion            |       |     1 ||     1
Armor: Scale mail        |    29 |    15 ||    44
Dodge: Dodged            |    24 |    23 ||    47
Block: Buckler           |    13 |     8 ||    21

Table legend: (Time is in decaauts)
 A = Elapsed time spent in this place.
 B = Non-inter-level travel time spent in this place.
 C = Inter-level travel time spent in this place.
 D = Time resting spent in this place.
 E = Time spent auto-exploring this place.
 F = Levels seen in this place.
 G = Mean time per level.
                   A        B        C        D        E       F      G
               +--------+--------+--------+--------+--------+-----+--------+
         Total |   1720 |   1611 |    109 |    369 |    983 |   2 |  860.0 |
       Dungeon |   1720 |   1611 |    109 |    369 |    983 |   2 |  860.0 |
               +--------+--------+--------+--------+--------+-----+--------+

Top non-repeatable levels by time:
     D:1: 907 daAuts
     D:2: 812 daAuts
